 Dungeon Crawl Stone Soup version 0.25-a0-294-gea9b1ad (webtiles) character file.

Game seed: 7723440013407819896, levelgen mode: deterministic

3680 MrTaco21 the Basher (level 10, -6/56 HPs)
             Began as a Gargoyle Fighter on Dec 19, 2019.
             Was an Initiate of Gozag.
             Mangled by a freezing wraith (20 damage)
             ... on level 9 of the Dungeon.
             The game lasted 00:18:32 (8774 turns).

MrTaco21 the Basher (Gargoyle Fighter)              Turns: 8774, Time: 00:18:33

Health: -6/56      AC: 17    Str: 24    XL:     10   Next: 13%
Magic:  10/10      EV:  7    Int:  8    God:    Gozag
Gold:   1503       SH:  9    Dex:  9    Spells: 9/9 levels left

rFire    + . .     SeeInvis .   H - +0 mace (holy)
rCold    . . .     Gourm    .   c - +0 shield
rNeg     + + .     Faith    .   b - +0 scale mail
rPois    ∞         Spirit   .   a - +1 helmet
rElec    +         Reflect  .   y - +0 cloak
rCorr    .         Harm     .   (no gloves)
MR       .....                  (no boots)
Stlth    ..........             (no amulet)
HPRegen  0.18/turn              i - ring of protection from fire
MPRegen  0.12/turn              I - ring of positive energy

@: no status effects
A: negative energy resistance 1, electricity resistance, unbreathing,
petrification resistance, rot immunity, AC +7
a: Potion Petition, Call Merchant, Bribe Branch, Renounce Religion


You were on level 9 of the Dungeon.
You worshipped Gozag.
Gozag was most pleased with you.
You were not hungry.

You visited 2 branches of the dungeon, and saw 10 of its levels.
You also visited: Ossuary.

You collected 1581 gold pieces.
You paid 78 gold pieces to Gozag.

Inventory:

Hand Weapons
 H - a +0 mace of holy wrath (weapon)
   (You found it on level 6 of the Dungeon)
Missiles
 K - 2 throwing nets (quivered) {!f}
Armour
 a - a +1 helmet (worn)
   (You found it on level 7 of the Dungeon)
 b - a +0 scale mail (worn)
 c - a +0 shield (worn)
 y - a +0 cloak (worn)
   (You took it off Crazy Yiuf on level 3 of the Dungeon)
 z - the +3 pair of boots of the Ant {*Slow rElec rPois}
   (You found it on level 4 of the Dungeon)

   It insulates you from electricity.
   It protects you from poison.
   It may slow you when you take damage.
 E - a +0 large shield
   (You found it on level 6 of the Dungeon)
 J - a +0 plate armour
   (You found it on level 7 of the Dungeon)
Jewellery
 i - a ring of protection from fire (left hand)
   (You found it on level 3 of the Dungeon)
 I - a ring of positive energy (right hand)
   (You found it on level 7 of the Dungeon)
 L - an uncursed ring of protection from fire
   (You found it on level 8 of the Dungeon)
 N - an uncursed ring of magical power
   (You found it on level 8 of the Dungeon)
Wands
 u - a wand of paralysis (9)
   (You found it on level 8 of the Dungeon)
 G - a wand of polymorph (11)
   (You found it on level 6 of the Dungeon)
 O - a wand of scattershot (4)
   (You found it on level 9 of the Dungeon)
Scrolls
 f - 2 scrolls of enchant armour {unknown}
 g - 2 scrolls of random uselessness {unknown}
 h - 4 scrolls of fog
 l - 6 scrolls of remove curse {@r2}
 m - 6 scrolls of identify {@r1}
 p - 2 scrolls of immolation {unknown}
 q - 6 scrolls of amnesia {unknown}
 r - 2 scrolls of noise {!r}
 s - 5 scrolls of fear
 v - 5 scrolls of teleportation {@r4}
 A - a scroll of blinking {unknown}
 D - a scroll of torment {unknown}
Potions
 d - 4 potions of might
 j - 5 potions of curing {@q1}
 k - 3 potions of haste {@q3}
 n - 5 potions of heal wounds {@q2}
 o - 3 potions of agility
 t - 2 potions of brilliance
 w - 6 potions of degeneration {unknown}
 x - 3 potions of flight
 B - 2 potions of lignification {unknown}
 C - a potion of cancellation {unknown}
 F - 2 potions of magic {unknown}
 M - a potion of mutation {unknown}
Comestibles
 e - 8 rations {!d}


   Skills:
 - Level 3.2 Fighting
 + Level 13.7 Maces & Flails
 - Level 3.2 Armour
 - Level 3.2 Shields


You had 9 spell levels left.
You didn't know any spells.
Your spell library contained the following spells:

 Spells                   Type           Power        Failure   Level  Hunger
 Freeze                   Ice            #...         99%         1    ##.....
 Ozocubu's Armour         Chrm/Ice       #.......     100%        3    ####...
 Hailstorm                Conj/Ice       #.......     100%        4    #####..
 Summon Ice Beast         Ice/Summ       #.......     100%        4    #####..


Dungeon Overview and Level Annotations

Branches:
Dungeon (9/15)             Temple (1/1) D:4            Lair (0/6) D:9
Ossuary (visited)
    Orc: D:9-12

Altars:
Ashenzari
Cheibriados
Dithmenos
Elyvilon
Fedhas
Gozag
Hepliaklqana
Kikubaaqudgha
Makhleb
Nemelex Xobeh
Okawaru
Qazlal
Ru
Sif Muna
Trog
Uskayaw
Vehumet
Wu Jian
Xom
Yredelemnul
Zin
The Shining One

Shops:
D:4 [   D:8 }


Innate Abilities, Weirdness & Mutations

You are resistant to torment.
Your stone body is resilient. (AC +7)
You are immune to poison.
You resist negative energy. (rN+)
You are resistant to electric shocks. (rElec)
You can survive without breathing.
You are immune to petrification.
You are immune to rotting.


Message History

No target in view!
No target in view!
No target in view!
No target in view!
No target in view!
No target in view!
No target in view!
No target in view!
No target in view!
No target in view!
No target in view!
No target in view!
You start resting.
A freezing wraith comes into view.
Things that are here:
6 gold pieces; a cursed +0 spear; a +0 robe A centaur comes into view.
The centaur shouts!
You hit the freezing wraith but do no damage.
The centaur wields a +0 shortbow.
The centaur shoots an arrow.
The arrow barely misses you.
You completely miss the freezing wraith.
The freezing wraith hits you but does no damage. x2
The centaur shoots an arrow.
The arrow hits you but does no damage.
Your shield prevents you from hitting the freezing wraith.
The centaur shoots an arrow.
The arrow hits you!
* * * LOW HITPOINT WARNING * * *
You block the freezing wraith's attack. x2
The centaur shoots an arrow.
The arrow hits you!
* * * LOW HITPOINT WARNING * * *
You see here 2 arrows.
The centaur becomes distracted by the nearby gold, dreaming of imaginary riches.
Things that are here:
6 gold pieces; a cursed +0 spear; a +0 robe
Items here: $ )) [[ 20 gold pieces; a +0 scimitar; a +0 robe; a cursed +3 short sword of venom a +0 robe An orc comes into view.
It is wielding a +0 dagger.
The orc throws a boomerang.
You block the boomerang.
The weapon returns to the orc!
The orc throws a boomerang.
The boomerang hits you but does no damage.
The weapon returns to the orc!
There is a stone staircase leading up here.
The orc throws a boomerang.
You block the boomerang.
The weapon returns to the orc!
The freezing wraith hits you.
* * * LOW HITPOINT WARNING * * *
The freezing wraith freezes you!!
You die...
Your body crumbles into a pile of gold.

......#.....#....# #.#.#.# ##
..#.........#....# #.#.#.# #.
..#...#.....#....###.#.#.# #.
.##...#..#..#......#.#.#.# ####.
......#..#..#....#.#.#...####....
.........#.......#.#.#......#.###
........................###......
..........#....#.....##.##....###
......#.#.#....#@W...#......#....
..........#.............##.##.##.
..........#.#..........###....##.
....#..##.#.#.....##........#....
....#..# #.##.#o.##..#####.#.##.
##.....## ## #.#..##......#.#.###
#.######.####.#.......##.#.#.#..
.#.# #........###...##.#.#.#.# .#
..c......###.............


You could see a freezing wraith and an orc.

Vanquished Creatures
  A spriggan (D:8)
  A vampire mosquito (D:9)
  A water moccasin (D:9)
  3 sky beasts
  2 phantoms
  A necrophage (D:7)
  A black bear (D:9)
  5 ogres
  2 centaurs
  A crocodile (D:9)
  A big kobold (D:8)
  3 bullfrogs
  An elf zombie (Ossuary)
  2 scorpions
  A howler monkey (D:4)
  4 wights (D:9)
  A centaur zombie (D:6)
  5 crimson imps
  A bullfrog zombie (D:8)
  2 hounds (D:8)
  A bullfrog skeleton (D:5)
  2 human zombies (Ossuary)
  An orc priest (D:6)
  5 orc wizards
  Crazy Yiuf (D:3)
  Jessica (D:3)
  3 iguanas
  Natasha (thrice) (D:2)
  8 worker ants
  3 hound zombies
  3 hound skeletons (D:7)
  4 mummies (Ossuary)
  A howler monkey zombie (D:8)
  2 worker ant zombies
  4 gnolls
  7 adders
  3 shadow imps
  3 adder zombies
  3 worms
  3 dart slugs (D:1)
  6 leopard geckos
  14 orcs
  5 giant cockroaches
  4 goblins
  9 hobgoblins
  11 jackals
  A quokka (D:2)
  7 bats
  2 frilled lizards
  A goblin zombie (Ossuary)
  3 jackal zombies
  11 kobolds
  2 kobold zombies (Ossuary)
  2 quokka skeletons
  6 rats
184 creatures vanquished.

Vanquished Creatures (others)
  An ogre (D:5)
  A shadow imp (D:5)
  A dart slug (D:5)
3 creatures vanquished.

Grand Total: 187 creatures vanquished

Notes
Turn   | Place    | Note
-------+----------+-------------------------------------------
     0 | D:1      | MrTaco21 the Gargoyle Fighter began the quest for the Orb.
     0 | D:1      | Reached XP level 1. HP: 14/14 MP: 1/1
   129 | D:1      | Reached XP level 2. HP: 19/19 MP: 2/2
   219 | D:1      | Reached skill level 3 in Maces & Flails
   472 | D:1      | Reached XP level 3. HP: 23/23 MP: 3/3
  1137 | D:2      | Reached skill level 4 in Maces & Flails
  1296 | D:2      | Noticed Natasha
  1304 | D:2      | Killed Natasha
  1304 | D:2      | Reached XP level 4. HP: 23/28 MP: 4/4
  1395 | D:2      | Found a glowing golden altar of the Shining One.
  1408 | D:2      | Noticed Natasha
  1448 | D:2      | Killed Natasha
  1468 | D:2      | Noticed Natasha
  1476 | D:2      | Killed Natasha
  1476 | D:2      | Reached skill level 5 in Maces & Flails
  1476 | D:2      | Reached XP level 5. HP: 31/32 MP: 5/5
  1509 | D:3      | Noticed Jessica
  1516 | D:3      | Killed Jessica
  1711 | D:3      | Reached skill level 6 in Maces & Flails
  1781 | D:3      | Reached XP level 6. HP: 37/37 MP: 6/6
  2136 | D:3      | Found a runed translucent door.
  2137 | D:3      | Noticed Crazy Yiuf
  2406 | D:3      | Killed Crazy Yiuf
  2576 | D:4      | Found Igoimot's Antique Armour Shop.
  2596 | D:4      | Found a hide-covered altar of Uskayaw.
  2606 | D:4      | Reached skill level 7 in Maces & Flails
  2625 | D:4      | Found a staircase to the Ecumenical Temple.
  2666 | D:4      | Reached XP level 7. HP: 40/41 MP: 7/7
  2669 | Temple   | Entered the Ecumenical Temple
  2801 | Temple   | Became a worshipper of Gozag Ym Sagoz the Greedy
  3079 | D:4      | Reached skill level 8 in Maces & Flails
  3335 | D:4      | Got a pair of translucent boots
  3502 | D:4      | Identified the +3 pair of boots of the Ant {*Slow rElec
                  | rPois} (You found it on level 4 of the Dungeon)
  3550 | D:5      | Entered Level 5 of the Dungeon
  3616 | D:5      | Reached skill level 9 in Maces & Flails
  3616 | D:5      | Reached XP level 8. HP: 31/46 MP: 8/8
  3757 | D:5      | Found a sand-covered staircase.
  3805 | Ossuary  | Entered an ossuary
  4427 | D:4      | Reached skill level 10 in Maces & Flails
  4504 | D:5      | Found a blossoming altar of Fedhas.
  4507 | D:5      | Found an ornate altar of the Wu Jian Council.
  4507 | D:5      | Found a white marble altar of Elyvilon.
  4523 | D:5      | HP: 1/46 [ogre/+0 giant club (18)]
  4553 | D:4      | HP: 2/46 [kobold/+0 short sword (3)]
  5149 | D:5      | Found a shimmering altar of Xom.
  5572 | D:6      | Reached skill level 11 in Maces & Flails
  5704 | D:6      | Reached XP level 9. HP: 51/51 MP: 9/9
  6155 | D:6      | Found a shattered altar of Ashenzari.
  6678 | D:7      | Found an opulent altar of Gozag.
  7033 | D:7      | Found an iron altar of Okawaru.
  7040 | D:7      | Reached skill level 12 in Maces & Flails
  7317 | D:8      | Found a bloodstained altar of Trog.
  7624 | D:8      | Found Vony's Gadget Emporium.
  8031 | D:8      | Found a stormy altar of Qazlal.
  8123 | D:9      | Found a staircase to the Lair.
  8217 | D:9      | Reached skill level 13 in Maces & Flails
  8456 | D:9      | Reached XP level 10. HP: 44/56 MP: 10/10
  8774 | D:9      | Mangled by a freezing wraith

Levels and vault maps discovered:
D:1:      ncdulo_smallfort, layout_basic, chequers_serial_rivers_small_b,
          minivault_19, minmay_pentomino_w2
D:2:      layout_basic, nrook_loot_triangle, tso_metal_star, uniq_natasha
D:3:      layout_loops_ring, uniq_jessica, uniq_crazy_yiuf_cottage
D:4:      layout_loops_ring, lemuel_crystal_altar,
          minmay_temple_entry_sparse_star, serial_shops, kennysheep_mini
D:5:      layout_basic, gammafunk_temple_overflow_forgotten,
          xom_confusion_cloud, enter_ossuary_2, first_ration,
          minmay_misc_feat_chi, corexii_checkpoint_b, hex_intersection,
          minmay_fractal_squares_diagonal_5
D:6:      layout_layer_cave, lemuel_doored_altar
D:7:      layout_loops_corners, nicolae_overflow_crystal_walls,
          grunt_gozag_breadcrumbs
D:8:      layout_basic, nicolae_qazlal_eye_of_the_storm,
          lemuel_coloured_pillars_altar, serial_shops, shop, grunt_pizzeria,
          minmay_fractal_squares_5
D:9:      layout_basic, lair_entry_dummy, minmay_pinched_square
Temple:   dshaligram_water_room_temple

Skill      XL: |  1  2  3  4  5  6  7  8  9 |
---------------+----------------------------+-----
Maces & Flails | 3 4 5 6 7 9 11 13 | 13.7
Fighting       | |  3.2
Armour         | |  3.2
Shields        | |  3.2

Action                   |  1- 3 |  4- 6 |  7- 9 | 10-12 || total
-------------------------+-------+-------+-------+-------++-------
Melee: Flail             |   145 |   128 |   419 |       ||   692
       Mace              |       |       |   282 |    87 ||   369
  Use: Scroll            |       |       |    14 |       ||    14
       Potion            |       |       |     1 |       ||     1
 Stab: Distracted        |       |       |     1 |       ||     1
  Eat: Chunk             |     2 |     4 |     1 |       ||     7
       Ration            |       |       |     6 |       ||     6
Armor: Scale mail        |   107 |    71 |   426 |    57 ||   661
Dodge: Dodged            |    62 |    29 |   219 |    32 ||   342
Block: Shield            |    80 |    77 |   329 |    63 ||   549

Table legend:
 A = Non-vault XP
 B = Vault XP
 C = Vault XP percentage of total XP
 D = Non-vault monster count
 E = Vault monster count
 F = Vault count percentage of total count
                 A         B        C        D         E       F
            +---------+---------+-------+---------+---------+-------
      Total |    3863 |    1395 |  26.5 |     145 |      39 |  21.2
            +---------+---------+-------+---------+---------+-------
        D:1 |      49 |       3 |   5.8 |      26 |       2 |   7.1
        D:2 |      93 |      35 |  27.3 |      10 |       1 |   9.1
        D:3 |     374 |      76 |  16.9 |      16 |       2 |  11.1
        D:4 |     398 |     131 |  24.8 |      16 |       2 |  11.1
        D:5 |     668 |     165 |  19.8 |      11 |       8 |  42.1
        D:6 |     602 |       0 |   0.0 |      22 |       0 |   0.0
        D:7 |     242 |       0 |   0.0 |       9 |       0 |   0.0
        D:8 |     510 |     395 |  43.6 |      21 |       5 |  19.2
        D:9 |     927 |     282 |  23.3 |      14 |       3 |  17.6
    Ossuary |       0 |     308 | 100.0 |       0 |      16 | 100.0
            +---------+---------+-------+---------+---------+-------
